 Dungeon Crawl Stone Soup version 0.17.0-25-gefc9c12 (webtiles) character file.

102 Raultor the Changer (level 4, -5/28 HPs)
             Began as an Octopode Transmuter on Nov 18, 2015.
             Slain by a slave (8 damage)
             ... led by Pikel
             ... on level 5 of the Dungeon.
             The game lasted 00:05:33 (3228 turns).

Raultor the Changer (Octopode Transmuter)           Turns: 3228, Time: 00:05:33

Health: -5/28      AC:  1    Str:  9    XL:     4   Next: 78%
Magic:  7/7        EV: 12    Int: 15    God:
Gold:   122        SH:  0    Dex: 13    Spells: 2 memorised, 3 levels left

rFire  . . .     SeeInvis .       - Unarmed
rCold  . . .     Clarity  .     (no shield)
rNeg   . . .     SustAt   .     (helmet restricted)
rPois  .         Gourm    .     (no amulet)
rElec  .         Spirit   .     (no ring)
rCorr  .         Warding  .     (no ring)
rMut   .         Stasis   .     (no ring)
MR     .....                    (no ring)
Stlth  ++........               (no ring)
                                (no ring)
                                (no ring)
                                (no ring)

@: not resistant to hostile enchantments, unstealthy
A: almost no armour, amphibious, 8 rings, constrict 8, camouflage 1, gelatinous
body 1
a: no special abilities


You were on level 5 of the Dungeon.
You were very hungry.

You visited 1 branch of the dungeon, and saw 5 of its levels.

You collected 122 gold pieces.

Inventory:

Missiles
 a - 25 arrows
 h - 75 stones (quivered)
Scrolls
 d - 2 scrolls of enchant weapon {unknown}
 k - a scroll of blinking {unknown}
 l - a scroll of remove curse {unknown}
 m - a scroll of fear {unknown}
 n - a scroll of noise {unknown}
 o - 2 scrolls of teleportation {unknown}
Potions
 e - a potion of agility {unknown}
 g - 3 potions of heal wounds {unknown}
 i - 4 potions of curing {unknown}
Books
 b - a book of Changes

   Spells                             Type                      Level
   a - Beastly Appendage              Transmutation                1
   b - Sticks to Snakes               Transmutation                2
   c - Spider Form                    Transmutation/Poison         3
   d - Ice Form                       Ice/Transmutation            4
   e - Blade Hands                    Transmutation                5
Comestibles
 c - 3 bread rations
 f - 2 fruits
 j - 2 meat rations


   Skills:
 - Level 1.0 Fighting
 - Level 2.0 Dodging
 - Level 3.0 Unarmed Combat
 - Level 2.0 Spellcasting
 + Level 4.8 Transmutations


You had 3 spell levels left.
You knew the following spells:

 Your Spells              Type           Power        Failure   Level  Hunger
a - Beastly Appendage     Trmt           ###...       3%          1    #......
b - Spider Form           Trmt/Pois      #.........   30%         3    ###....


Dungeon Overview and Level Annotations

Branches:
Dungeon (5/15)
 Temple: D:4-7

Altars:

Annotations:
D:3 septik's ghost, amateur NaFi
D:4 Pikel


Innate Abilities, Weirdness & Mutations

You cannot wear most types of armour.
You are amphibious.
You can wear up to eight rings at the same time.
You can use your tentacles to constrict eight enemies at once.
Your skin changes colour to match your surroundings (Stealth).
Your rubbery body absorbs attacks (AC +1).


Message History

There is a stone staircase leading up here.
You closely miss the slave. Your grab misses the slave.
The slave barely misses you.
You miss the slave. Your grab misses the slave. Your squeeze misses the slave.
The slave hits you.
You tentacle-slap the slave but do no damage.
Your grab misses the slave. The slave closely misses you.
You closely miss the slave. Your grab misses the slave. The slave hits you.
You tentacle-slap the slave. Your grab misses the slave.
The slave is lightly wounded.
The slave barely misses you.
You tentacle-slap the slave. You grab the slave.
The slave is moderately wounded.
You constrict the slave. The slave hits you!
* * * LOW HITPOINT WARNING * * *
You tentacle-slap the slave.
You squeeze the slave, but do no damage.
The slave is moderately wounded.
You constrict the slave. The slave hits you!
You die... ###.##### +.....p@# ###.#####

You could see a slave.

Vanquished Creatures
  Jessica (D:3)
  An adder (D:2)
  An ooze (D:2)
  2 worms (D:2)
  3 orcs (D:3)
  3 bats
  7 goblins
  8 hobgoblins
  2 quokkas
  3 giant cockroaches
  3 giant geckos
  5 giant newts
  7 kobolds
  6 rats
52 creatures vanquished.

Notes
Turn   | Place    | Note
--------------------------------------------------------------
     0 | D:1      | Raultor the Octopode Transmuter began the quest for the Orb.
     0 | D:1      | Reached XP level 1. HP: 13/13 MP: 3/3
   509 | D:1      | Reached XP level 2. HP: 13/18 MP: 5/5
  1306 | D:2      | Reached XP level 3. HP: 11/23 MP: 6/6
  1311 | D:2      | Learned a level 3 spell: Spider Form
  1859 | D:2      | Reached skill level 4 in Transmutations
  2105 | D:2      | Reached XP level 4. HP: 20/28 MP: 7/7
  2403 | D:3      | Noticed septik's ghost (amateur NaFi)
  2641 | D:2      | HP: 1/28 [ooze (3)]
  3030 | D:3      | Noticed Jessica
  3065 | D:3      | Killed Jessica
  3146 | D:3      | Noticed an ice beast
  3213 | D:4      | Noticed a slave
  3215 | D:4      | Noticed a slave
  3217 | D:4      | Noticed Pikel
  3221 | D:5      | Entered Level 5 of the Dungeon
  3228 | D:5      | Slain by a slave

Action                   |  1- 3 |  4- 6 || total
-------------------------+-------+-------++-------
Melee: Unarmed           |    94 |    38 ||   132
Throw: Stone             |       |     7 ||     7
 Cast: Beastly Appendage |     4 |       ||     4
       Spider Form       |     1 |     2 ||     3
 Stab: Sleeping          |     5 |     1 ||     6
  Eat: Chunk             |     4 |     1 ||     5
       Beef jerky        |       |     1 ||     1
